 Dungeon Crawl Stone Soup version 0.21-a0-110-g8e1637b (webtiles) character file.

87 Lavandula the Bolt Thrower (level 4, -3/32 HPs)
             Began as a Mummy Arcane Marksman on July 7, 2017.
             Was an Initiate of Kikubaaqudgha.
             Slain by a hound (5 damage)
             ... on level 5 of the Dungeon.
             The game lasted 00:10:16 (1994 turns).

Lavandula the Bolt Thrower (Mummy Arcane Marksman)  Turns: 1994, Time: 00:10:16

Health: -3/32      AC:  4    Str: 13    XL:     4   Next: 28%
Magic:  6/6        EV: 11    Int: 12    God:    Kikubaaqudgha [......]
Gold:   145        SH:  0    Dex: 13    Spells: 1/6 levels left

rFire    x . .     SeeInvis .   i - +0 falchion
rCold    + . .     Gourm    .   (no shield)
rNeg     + + +     Faith    .   j - +1 leather armour
rPois    ∞         Spirit   .   (no helmet)
rElec    .         Reflect  .   (no cloak)
rCorr    +         Harm     .   (no gloves)
MR       .....                  (no boots)
Stlth    +.........             (no amulet)
HPRegen  0.10/turn              o - ring of resist corrosion
MPRegen  0.10/turn              q - ring of poison resistance

@: about to teleport, very slightly contaminated
A: no food or potions, fire vulnerability, cold resistance 1, negative energy
resistance 3, torment resistance, unbreathing
a: Renounce Religion


You were on level 5 of the Dungeon.
You worshipped Kikubaaqudgha.
Kikubaaqudgha was noncommittal.
You were not hungry.

You visited 1 branch of the dungeon, and saw 5 of its levels.

You collected 145 gold pieces.

Inventory:

Hand Weapons
 a - a +0 hand crossbow
 g - a cursed +0 short sword
 i - a +0 falchion (weapon)
Missiles
 p - 9 poisoned needles
Armour
 e - a +0 robe
 j - a +1 leather armour (worn)
Jewellery
 k - an uncursed ring of flight
 o - a ring of resist corrosion (left hand)
 q - a ring of poison resistance (right hand)
Scrolls
 f - a scroll of remove curse
 l - a scroll of amnesia {unknown}
 n - a scroll of fear {unknown}
 r - a scroll of noise
Books
 c - a book of Debilitation

   Spells                             Type                      Level
   a - Corona                         Hexes                        1
   b - Slow                           Hexes                        2
   c - Inner Flame                    Hexes/Fire                   3
   d - Portal Projectile              Hexes/Translocation          3
   e - Cause Fear                     Hexes                        4
   f - Leda's Liquefaction            Hexes/Earth                  4


   Skills:
 - Level 1.0 Fighting
 - Level 3.7 Crossbows
 - Level 1.5 Dodging
 + Level 1.6 Spellcasting
 - Level 2.6 Hexes


You had one spell level left.
You knew the following spells:

 Your Spells              Type           Power        Failure   Level  Hunger
a - Corona                Hex            #......      12%         1    N/A
b - Cause Fear            Hex            #.........   75%         4    N/A

Dungeon Overview and Level Annotations

Branches:
Dungeon (5/15)
 Temple: D:4-7

Altars:
Kikubaaqudgha
Nemelex Xobeh
Uskayaw
Wu Jian
The Shining One

Annotations:
D:1 exclusion: gnoll
D:5 exclusion: upstairs


Innate Abilities, Weirdness & Mutations

You do not eat or drink.
Your flesh is vulnerable to fire.
You are immune to poison.
Your flesh is cold resistant. (rC+)
You are immune to negative energy. (rN+++)
You are immune to unholy pain and torment.
You can survive without breathing.


Message History

The hound bites you.
You closely miss the hound.
The hound is lightly wounded.
The hound bites you.
* * * LOW HITPOINT WARNING * * *
The hound bites you but does no damage.
Casting: Corona
Confirm with . or Enter, or press ? or * to list all spells.
The spell is very dangerous to cast!
Continue anyway?
Okay, then.
As you read the scroll labeled JIUTSA WEGHIF, it crumbles to dust.
It is a scroll of enchant armour.
Your +0 leather armour glows green for a moment.
The hound bites you.
* * * LOW HITPOINT WARNING * * *
As you read the scroll labeled NOPLA WAKHO, it crumbles to dust.
You feel strangely unstable.
It was a scroll of teleportation.
The hound bites you.
You die...
Kikubaaqudgha rasps: "You have failed me!
Welcome... oblivion!"

######## #@#o#..##
##h#....## ##.<....#
#.#......## #.#........#
##..........# #...........#
.# ####.........(.####...
...###..........(..........


You could see a hound.

Vanquished Creatures
  A worker ant (D:4)
  2 adders
  2 worms (D:2)
  2 orcs (D:4)
  3 giant cockroaches
  4 goblins
  3 hobgoblins
  6 jackals
  2 kobolds
  A quokka (D:2)
  2 bats
  5 frilled lizards
  A quokka zombie (D:5)
  4 rats
38 creatures vanquished.

Notes
Turn   | Place    | Note
-------+----------+-------------------------------------------
     0 | D:1      | Lavandula the Mummy Arcane Marksman began the quest for the Orb.
     0 | D:1      | Reached XP level 1. HP: 15/15 MP: 2/2
   245 | D:2      | Reached skill level 2 in Crossbows
   280 | D:2      | Found a sparkling altar of Nemelex Xobeh.
   326 | D:2      | Reached XP level 2. HP: 21/21 MP: 0/4
   474 | D:2      | Found a glowing golden altar of the Shining One.
   583 | D:2      | Reached XP level 3. HP: 20/26 MP: 1/5
   591 | D:2      | Reached skill level 3 in Crossbows
   968 | D:2      | Found a hide-covered altar of Uskayaw.
  1237 | D:3      | Found an ornate altar of the Wu Jian Council.
  1276 | D:3      | Found an ancient bone altar of Kikubaaqudgha.
  1285 | D:3      | Became a worshipper of Kikubaaqudgha
  1529 | D:4      | Reached XP level 4. HP: 17/32 MP: 6/6
  1535 | D:4      | Learned a level 4 spell: Cause Fear
  1694 | D:4      | Noticed an ogre
  1778 | D:5      | Entered Level 5 of the Dungeon
  1994 | D:5      | Slain by a hound

Vault maps used:
D:1:      onia_arrival_mini_spirals, minmay_misc_feat_four_crosses,
          st_stairs_13, minivault_23, kennysheep_flooded_box
D:2:      nemelex_xobeh_ov_fountains_minmay, lemuel_coloured_pillars_altar,
          old_standard_altar, kennysheep_decorative_pillar
D:3:      lemuel_doored_altar, kiku_gazebo_pond_becter, first_bread
D:5:      nicolae_ashenzari_panopticon

Skill      XL: |  1  2  3 |
---------------+----------+-----
Crossbows      | 2 3 |  3.7
Fighting       | |  1.0
Dodging        | |  1.5
Spellcasting   | |  1.6
Hexes          | |  2.6

Action                   |  1- 3 |  4- 6 || total
-------------------------+-------+-------++-------
Melee: Falchion          |    50 |     1 ||    51
 Fire: Hand crossbow     |    41 |    18 ||    59
 Cast: Corona            |    35 |     3 ||    38
  Use: Scroll            |     1 |     5 ||     6
Armor: Robe              |     7 |       ||     7
       Leather armour    |    14 |     6 ||    20
Dodge: Dodged            |    52 |     7 ||    59
       Rpst.: Falchion   |    14 |       ||    14
